 Dungeon Crawl Stone Soup version 0.27-a0-40-g5f2be0e231 (webtiles) character file.

Game seed: 9357656095342551511

79 jestyr24 the Gusty (level 4, -7/35 HPs)
             Began as a Draconian Air Elementalist on Jan 6, 2021.
             Killed from afar by Sigmund (9 damage)
             ... with a magic dart
             ... on level 2 of the Dungeon.
             The game lasted 00:12:52 (2332 turns).

jestyr24 the Gusty (Draconian Air Elementalist)     Turns: 2332, Time: 00:12:52

Health: -7/35      AC:  8    Str: 10    XL:     4   Next: 16%
Magic:  2/8        EV: 12    Int: 17    God:
Gold:   111        SH:  0    Dex: 11    Spells: 5/8 levels left

rFire    . . .     SeeInvis .   d - +0 hand axe
rCold    . . .     Faith    .   (no shield)
rNeg     . . .     Spirit   .   (armour unavailable)
rPois    .         Reflect  .   (helmet restricted)
rElec    .         Harm     .   e - +1 cloak
rCorr    .         Rampage  .   q - +0 pair of gloves
Will     .....                  (no boots)
Stlth    ++........             (no amulet)
HPRegen  0.11/turn              (no ring)
MPRegen  0.11/turn              (no ring)

@: no status effects
A: unfitting armour, cold-blooded, AC +5
a: no special abilities


You were on level 2 of the Dungeon.
You visited 1 branch of the dungeon, and saw 2 of its levels.

You collected 111 gold pieces.

Inventory:

Hand Weapons
 d - a +0 hand axe (weapon)
 h - a +0 dagger
 n - a +0 dagger
Missiles
 i - 7 atropa-tipped darts
 p - 16 stones
Armour
 e - a +1 cloak (worn)
 q - a +0 pair of gloves (worn)
Scrolls
 a - a scroll of enchant armour {unknown}
 f - 6 scrolls of identify {unknown}
 g - a scroll of immolation {unknown}
 j - 5 scrolls of teleportation {unknown}
 k - 2 scrolls of remove curse {unknown}
 m - 2 scrolls of enchant weapon {unknown}
Potions
 b - 2 potions of mutation {unknown}
 c - a potion of cancellation {unknown}
 l - a potion of curing
 o - a potion of haste {unknown}


   Skills:
 * Level 1.5 Fighting
 + Level 2.0 Dodging
 + Level 2.0 Stealth
 * Level 2.6 Spellcasting
 + Level 1.8 Conjurations
 * Level 3.6 Air Magic


You had 5 spell levels left.
You knew the following spells:

 Your Spells              Type           Power        Failure   Level
a - Shock                 Conj/Air       44%          6%          1
b - Swiftness             Air            14%          6%          2

Your spell library contained the following spells:

 Spells                   Type           Power        Failure   Level
 Static Discharge         Conj/Air       11%          19%         3
 Airstrike                Air            7%           36%         4
 Lightning Bolt           Conj/Air       5%           86%         5


Dungeon Overview and Level Annotations

Branches:
Dungeon (2/15)

Altars:
Elyvilon

Annotations:
D:2 Sigmund


Innate Abilities, Weirdness & Mutations

Your plain brown scales are hard. (AC +5)
You cannot fit into any form of body armour.
You are cold-blooded and may be slowed by cold attacks.


Message History

Sigmund drinks a potion.
Sigmund is healed!
Sigmund barely misses you.
You hit Sigmund but do no damage.
Sigmund is heavily wounded.
You hit Sigmund.
Sigmund is severely wounded.
Sigmund closely misses you.
You hit Sigmund.
Sigmund is severely wounded.
Sigmund casts a spell at you. The puff of flame hits you.
* * * LOW HITPOINT WARNING * * *
You barely miss Sigmund.
Your tail-slap misses Sigmund.
Sigmund is severely wounded.
Sigmund hits you with a +3 scythe of protection!
* * * LOW HITPOINT WARNING * * *
You hit Sigmund.
Sigmund is almost dead.
Sigmund casts a spell at you. The magic dart hits you!
You die...

#.# #.# #.# #.# #.#
#.# #.# #.#
######.###### #..
#.# #............
#.# #.#
#.#.###.##### #.#
#.### #.#.# #.# #
#.#.###.#.# #.# #
####.#....##.#.# #.#
#
......@@...#.#.###.#
#
..........<..).....#
#
########.###.#.#####
# ### ###.# # .# .#
.. ##


You could see Sigmund.

Vanquished Creatures
  4 adders (D:2)
  A worm (D:2)
  2 dart slugs
  A bat (D:2)
  2 giant cockroaches
  4 goblins
  5 hobgoblins
  3 jackals (D:1)
  4 kobolds
  2 quokkas (D:2)
  3 frilled lizards
  6 rats
37 creatures vanquished.

Notes
Turn   | Place    | Note
-------+----------+-------------------------------------------
     0 | D:1      | jestyr24 the Draconian Air Elementalist began the quest for
                  | the Orb.
     0 | D:1      | Reached XP level 1. HP: 14/14 MP: 3/3
   421 | D:1      | Reached XP level 2. HP: 22/22 MP: 0/5
   671 | D:1      | Reached skill level 1 in Fighting
  1465 | D:2      | Learned a level 2 spell: Swiftness
  1512 | D:2      | Reached XP level 3. HP: 17/28 MP: 0/6
  1753 | D:2      | Found a faded altar of an unknown god.
  1852 | D:2      | Found a white marble altar of Elyvilon.
  2027 | D:2      | Reached XP level 4. HP: 35/35 MP: 7/7
  2307 | D:2      | Noticed Sigmund
  2332 | D:2      | Killed from afar by Sigmund

Illustrated notes

Levels and vault maps discovered:
D:1:      dpeg_arrival_concentric_ovals, layout_loops_corners,
          minmay_misc_feat_tiny, roderic_lattice_a
D:2:      layout_loops_ring, chequers_ecumenical_altar_simple_redux,
          elyvilon_altar_1, uniq_sigmund

Skill      XL: |  1  2  3  4 |
---------------+-------------+-----
Fighting       | 1 |  1.5
Dodging        | 2 |  2.0
Stealth        | 2 |  2.0
Spellcasting   | |  2.6
Conjurations   | |  1.8
Air Magic      | |  3.6

Action                   |  1- 3 |  4- 6 || total
-------------------------+-------+-------++-------
Melee: Hand axe          |    59 |    25 ||    84
       Tailslap          |     1 |     1 ||     2
 Cast: Shock             |    41 |    12 ||    53
 Stab: Sleeping          |     1 |       ||     1
Armor: Skin              |    22 |     7 ||    29
Dodge: Dodged            |    45 |    16 ||    61

Table legend: (Time is in decaauts)
 A = Elapsed time spent in this place.
 B = Non-inter-level travel time spent in this place.
 C = Inter-level travel time spent in this place.
 D = Time resting spent in this place.
 E = Time spent auto-exploring this place.
 F = Levels seen in this place.
 G = Mean time per level.
                   A        B        C        D        E       F      G
               +--------+--------+--------+--------+--------+-----+--------+
         Total |   2356 |   2332 |     24 |    535 |   1347 |   2 | 1178.0 |
       Dungeon |   2356 |   2332 |     24 |    535 |   1347 |   2 | 1178.0 |
               +--------+--------+--------+--------+--------+-----+--------+

Top non-repeatable levels by time:
     D:1: 1466 daAuts
     D:2: 889 daAuts
